 Seeded DCSS version 0.30-a0-989-g0d87f670db (webtiles) character file.

Game seed: 3940080236565294635 (custom seed)

5749 bmack86 the Cleaver (level 10, -2/90 HPs)
             Began as a Minotaur Fighter on Apr 3, 2023.
             Was a Priest of Okawaru.
             Shot with an arrow by a centaur warrior (14 damage)
             ... on level 8 of the Dungeon.
             The game lasted 00:21:31 (7943 turns).

bmack86 the Cleaver (Minotaur Fighter)              Turns: 7943, Time: 00:21:32

Health: -2/90      AC: 18    Str: 31    XL:     10   Next: 49%
Magic:  12/12      EV:  7    Int:  8    God:    Okawaru [***...]
Gold:   445        SH:  5    Dex: 10    Spells: 9/9 levels left

rFire   . . .      SeeInvis .    h - +4 broad axe (elec)
rCold   . . .      Faith    .    c - +0 buckler
rNeg    . . .      Spirit   .    p - +1 plate armour
rPois   +          Reflect  .    (helmet restricted)
rElec   .          Rampage  .    (no cloak)
rCorr   .                        r - +2 pair of gloves
Will    .....                    (no boots) Stlth
                                 j - amulet "Abbiesa" {RegenMP Int+3}
HPRegen 0.35/turn                u - ring of poison resistance
MPRegen 0.53/turn                y - +6 ring of strength

@: no status effects
A: horns 2, retaliatory headbutt
a: Renounce Religion, Heroism


You were on level 8 of the Dungeon.
You worshipped Okawaru.
Okawaru was most pleased with you.
You visited 2 branches of the dungeon, and saw 9 of its levels.

You collected 445 gold pieces.

Inventory:

Hand Weapons
 a - a +1 war axe
 h - a +4 broad axe of electrocution (weapon)
Missiles
 k - 2 throwing nets
 C - 19 poisoned darts (quivered)
 E - 6 curare-tipped darts
Armour
 b - a +0 scale mail
 c - a +0 buckler (worn)
 i - a +0 pair of gloves
 p - a +1 plate armour (worn)
 r - a +2 pair of gloves (worn)
 A - a scarf of invisibility
Jewellery
 j - the amulet "Abbiesa" (around neck) {RegenMP Int+3}
   (You found it on level 2 of the Dungeon)

   [amulet of magic regeneration]

   It increases your rate of magic regeneration.
   Int:       It affects your intelligence (+3).
 u - a ring of poison resistance (left hand)
 y - a +6 ring of strength (right hand)
 z - a ring of positive energy
Wands
 d - a wand of flame (21)
 l - a wand of roots (10)
Scrolls
 e - 4 scrolls of vulnerability
 n - 3 scrolls of teleportation
 s - 2 scrolls of fear
 w - a scroll of enchant armour
Potions
 f - a potion of attraction {unknown}
 g - 3 potions of lignification
 m - 2 potions of mutation
 q - a potion of brilliance {unknown}
 t - a potion of magic
 v - 5 potions of curing
 x - a potion of flight {unknown}
 B - a potion of haste {unknown}
 D - 2 potions of berserk rage {unknown}


   Skills:
 + Level 8.5 Fighting
 * Level 11.1 Axes
 + Level 4.4 Throwing
 + Level 8.6 Armour
 + Level 8.6 Shields
 + Level 4.3 Invocations


You had 9 spell levels left.
You didn't know any spells.
Your spell library contained the following spells:

 Spells                   Type           Power      Damage    Failure   Level
 Ozocubu's Armour         Ice            0%         N/A       100%        3
 Ozocubu's Refrigeration  Ice            0%         4d7       100%        7


Dungeon Overview and Level Annotations

Branches:
Dungeon (8/15)             Temple (1/1) D:5
   Lair: D:8-11

Altars:
Ashenzari
Cheibriados
Dithmenos
Elyvilon
Fedhas
Gozag
Hepliaklqana
Kikubaaqudgha
Makhleb
Nemelex Xobeh
Okawaru
Qazlal
Ru
Sif Muna
Trog
Uskayaw
Vehumet
Wu Jian
Xom
Yredelemnul
Zin
The Shining One

Shops:
D:3 :[

Annotations:
D:6 2 transporters, LobsterGuardian's ghost, novice SpNe


Innate Abilities, Weirdness & Mutations

You have a pair of horns on your head.
You reflexively headbutt those who attack you in melee.


Message History

Your headbutt misses the water moccasin.
The water moccasin bites you.
The water moccasin bites you but does no damage.
You slash the water moccasin! You headbutt the water moccasin!
The water moccasin is almost dead.
You block the water moccasin's attack.
You slice the water moccasin!!
You kill the water moccasin!
Okawaru accepts your kill.
You see here 5 stones.
A howler monkey comes into view.
The howler monkey howls!
Found 11 gold pieces.
You closely miss the howler monkey. The howler monkey barely misses you.
You furiously retaliate!
You headbutt the howler monkey! You closely miss the howler monkey.
The howler monkey is almost dead.
The howler monkey closely misses you.
You slice the howler monkey!!
You kill the howler monkey!
Okawaru accepts your kill.
You see here a howler monkey corpse.
There is an escape hatch in the ceiling here.
You now have 445 gold pieces (gained 11).
The centaur warrior shouts!
The centaur warrior shoots an arrow.
The arrow hits you.
The centaur warrior shoots an arrow.
The arrow hits you!!
The centaur warrior shoots an arrow.
The arrow hits you!!
The centaur warrior shoots an arrow.
The arrow hits you.
The centaur warrior shoots an arrow.
The arrow hits you!
The centaur warrior shoots an arrow.
The arrow hits you!
* * * LOW HITPOINT WARNING * * *
The centaur warrior shoots an arrow.
The arrow hits you!
* * * LOW HITPOINT WARNING * * *
You feel much better.
The centaur warrior shoots an arrow.
The arrow hits you!
* * * LOW HITPOINT WARNING * * *
You feel much better.
The centaur warrior shoots an arrow.
The arrow hits you!
* * * LOW HITPOINT WARNING * * *
The centaur warrior shoots an arrow.
The arrow hits you!
You die...

#..#..####..#.#......#
#.##
.#..####..###.#.....)#
#.# #..###..###
.##......# #.#
###...###
###......###.# ..#####
..#.....###..#
.....### #.#.....#
#.## .......###
##.#..c.## #.#
.........###..#....#
##.#
...........###..@.##
#..###
................###
#....##
..........####.##
###.....# ##........#
##.####.......#
##########
#..##........## #
##............# ####
#.............#
...####
#.............##
......###
#..............#


You could see a centaur warrior.

Vanquished Creatures
  A cyclops (D:7)
  A slime creature (D:8)
  An efreet (D:8)
  A meliai (D:8)
  Prince Ribbit (D:5)
  Sigmund (D:2)
  A wraith (D:8)
  A wyvern (D:6)
  Menkaure (D:7)
  2 steam dragons
  2 acid dragons (D:8)
  Duvessa (D:7)
  A water moccasin (D:8)
  An ice beast (D:7)
  2 orc warriors
  An ogre (D:6)
  A sky beast (D:7)
  A black bear (D:6)
  A centaur (D:7)
  A phantom (D:5)
  2 kobold brigands (D:7)
  3 bullfrogs
  A gnoll sergeant (D:7)
  6 scorpions
  5 wights (D:8)
  Dowan (D:7)
  3 killer bees (D:8)
  2 howler monkeys
  4 electric eels
  5 hounds
  2 orc priests
  A gnoll bouda (D:5)
  5 sleepcaps
  Jessica (D:2)
  3 iguanas
  8 orc wizards
  11 gnolls
  7 adders
  A shadow imp (D:7)
  2 white imps (D:7)
  3 ufetubi
  A worm (D:2)
  2 dart slugs (D:1)
  26 orcs
  11 ball pythons
  9 bats
  9 endoplasms
  6 giant cockroaches
  3 goblins
  7 hobgoblins
  3 jackals (D:1)
  8 quokkas
  5 frilled lizards
  13 kobolds
  4 rats
206 creatures vanquished.

Vanquished Creatures (others)
  A bullfrog (D:8)
  An orc (D:7)
  6 plants (D:6)
8 creatures vanquished.

Grand Total: 214 creatures vanquished

Notes
Turn   | Place    | Note
-------+----------+-------------------------------------------
     0 | D:1      | bmack86 the Minotaur Fighter began the quest for the Orb.
     0 | D:1      | Reached XP level 1. HP: 19/19 MP: 0/0
    61 | D:1      | Reached XP level 2. HP: 27/27 MP: 1/1
   125 | D:1      | Reached skill level 3 in Axes
   286 | D:1      | Found a faded altar of an unknown god.
   298 | D:1      | Reached XP level 3. HP: 33/33 MP: 2/2
   795 | D:2      | Identified the amulet "Abbiesa" {RegenMP Int+3}
  1206 | D:2      | Noticed Jessica
  1208 | D:2      | Killed Jessica
  1209 | D:2      | Reached skill level 4 in Axes
  1209 | D:2      | Reached XP level 4. HP: 35/40 MP: 3/3
  1350 | D:2      | Noticed Sigmund
  1366 | D:2      | Killed Sigmund
  1367 | D:2      | Reached skill level 5 in Axes
  1367 | D:2      | Reached XP level 5. HP: 41/47 MP: 4/4
  1680 | D:3      | Reached XP level 6. HP: 47/55 MP: 5/5
  1717 | D:3      | Found Ammuw's Book Emporium.
  1909 | D:3      | Found Pealoxim's Antique Armour Emporium.
  1971 | D:3      | You fall into a shaft and drop 2 floors!
  1971 | D:5      | Entered Level 5 of the Dungeon
  1995 | D:5      | Identified a scroll of acquirement
  1995 | D:5      | Acquired a +1 broad axe of electrocution
  2017 | D:5      | Reached skill level 5 in Fighting
  2017 | D:5      | Reached skill level 5 in Shields
  2021 | D:5      | Reached skill level 5 in Armour
  2224 | D:5      | Reached skill level 6 in Axes
  2226 | D:5      | Reached XP level 7. HP: 48/61 MP: 6/6
  2784 | D:4      | Reached skill level 7 in Axes
  3628 | D:5      | Reached XP level 8. HP: 70/70 MP: 7/7
  3656 | D:5      | Noticed Prince Ribbit
  3687 | D:5      | Killed Prince Ribbit
  3922 | D:5      | Found a staircase to the Ecumenical Temple.
  3926 | Temple   | Entered the Ecumenical Temple
  4443 | D:6      | Reached skill level 8 in Axes
  4465 | D:6      | Found an iron altar of Okawaru.
  4476 | D:6      | Became a worshipper of Warmaster Okawaru
  4481 | D:6      | Found a bloodstained altar of Trog.
  4485 | D:6      | Found an opulent altar of Gozag.
  4777 | D:6      | Reached skill level 1 in Throwing
  4777 | D:6      | Reached skill level 1 in Invocations
  4933 | D:6      | Found a transporter.
  4960 | D:6      | Noticed LobsterGuardian's ghost (novice SpNe)
  4969 | D:6      | Reached * piety under Okawaru
  4976 | D:6      | Reached XP level 9. HP: 73/79 MP: 9/9
  5114 | D:6      | Found a transporter.
  5327 | D:7      | Reached skill level 9 in Axes
  5327 | D:7      | Noticed Menkaure
  5330 | D:7      | Noticed Dowan
  5331 | D:7      | Noticed Duvessa
  5337 | D:7      | Killed Menkaure
  5341 | D:7      | Killed Duvessa
  5341 | D:7      | Killed Dowan
  5783 | D:7      | Found a burning altar of Makhleb.
  5812 | D:7      | Found a glowing golden altar of the Shining One.
  6012 | D:7      | Reached skill level 10 in Axes
  6285 | D:7      | Reached ** piety under Okawaru
  6495 | D:7      | Noticed a cyclops
  6506 | D:7      | Killed a cyclops
  6766 | D:8      | Reached XP level 10. HP: 71/88 MP: 11/11
  7115 | D:8      | Reached *** piety under Okawaru
  7471 | D:8      | Reached skill level 11 in Axes
  7477 | D:8      | Noticed a centaur warrior
  7477 | D:8      | Found the +6 shillelagh "Devastator" {shatter}
  7477 | D:8      | Noticed a seven-headed hydra
  7478 | D:8      | Noticed a manticore
  7941 | D:8      | HP: 3/90 [centaur warrior/arrow (11)]
  7943 | D:8      | Shot with an arrow by a centaur warrior

Illustrated notes

Levels and vault maps discovered:
D:1:      sevenhm_arrival_forest_fort_small_4, layout_loops_ring,
          shapermc_ecumenical_altar_notcrosses, minmay_distorted
D:2:      layout_basic, uniq_sigmund, uniq_jessica
D:3:      layout_rooms, serial_shops, nicolae_shop_hallway_plus,
          nicolae_shop_window_shopping, st_stairs_2
D:4:      minmay_recursive_quarters, layout_gridville, kennysheep_donut,
          st_stairs_10, chequers_serial_rivers_room_b
D:5:      layout_loops_ring, temple_hall_moat, uniq_prince_ribbit1
D:6:      layout_cave_pools, minmay_overflow_temple_star_quad,
          gammafunk_ghost_stat_death, serial_bayou_lake_a
D:7:      minmay_opposing_rooms, layout_basic, makhleb_heckhound_becter,
          mainiacjoe_overflow_surrounded_room, uniq_duvessa, uniq_menkaure
D:8:      minmay_the_grid_triangle_9x9_rhombus_thin
          [minmay_the_grid_triangle_9x9_zippers_horizontal,
          minmay_the_grid_triangle_9x9_prize_schism,
          minmay_the_grid_triangle_9x9_longest,
          minmay_the_grid_triangle_9x9_thin_v], layout_cave_pods, minmay_holes,
          kennysheep_dice
Temple:   bh_familiar_temple

Skill      XL: |  1  2  3  4  5  6  7  8  9 10 |
---------------+-------------------------------+-----
Axes           | 3 4 5 6 7 8 10 11 | 11.1
Fighting       | 4 5 6 7 8 |  8.5
Shields        | 4 5 6 7 8 |  8.6
Armour         | 4 5 6 7 8 |  8.6
Throwing       | 2 3 4 |  4.4
Invocations    | 1 3 4 |  4.3

Action                     |  1- 3 |  4- 6 |  7- 9 | 10-12 || total
---------------------------+-------+-------+-------+-------++-------
  Melee: War axe           |    82 |    36 |       |       ||   118
         Headbutt          |     6 |    12 |    36 |    13 ||    67
         Broad axe         |       |    27 |   226 |    66 ||   319
 Invoke: Heroism           |       |       |     1 |     2 ||     3
    Use: Scroll            |     1 |     8 |    11 |     1 ||    21
         Potion            |       |     1 |     1 |     2 ||     4
 Armour: Scale mail        |    42 |    22 |       |       ||    64
         Plate armour      |       |    31 |   190 |    44 ||   265
  Dodge: Dodged            |    61 |    38 |    92 |    33 ||   224
  Block: Buckler           |    27 |    21 |    67 |    13 ||   128

Table legend: (Time is in decaauts)
 A = Elapsed time spent in this place.
 B = Non-inter-level travel time spent in this place.
 C = Inter-level travel time spent in this place.
 D = Time resting spent in this place.
 E = Time spent auto-exploring this place.
 F = Levels seen in this place.
 G = Mean time per level.
                   A        B        C        D        E       F      G
               +--------+--------+--------+--------+--------+-----+--------+
         Total |   8078 |   7853 |    225 |    830 |   4098 |   9 |  897.6 |
       Dungeon |   7853 |   7656 |    197 |    830 |   4098 |   8 |  981.6 |
        Temple |    225 |    197 |     28 |      0 |      0 |   1 |  225.0 |
               +--------+--------+--------+--------+--------+-----+--------+

Top non-repeatable levels by time:
     D:7: 1517 daAuts
     D:8: 1192 daAuts
     D:5: 1116 daAuts
     D:4: 993 daAuts
     D:2: 953 daAuts
     D:6: 866 daAuts
     D:1: 701 daAuts
     D:3: 512 daAuts
  Temple: 225 daAuts
